AoeStats
← EN_Tsai

Arabia

509835992Analyzed
1v1 RM · 3d ago on Sep 28, 2026· 32m 28s· 2 players
Game mode
Random Map
Map size
Tiny (2 player)
Population
200
Speed
Normal
Resources
Standard
Victory
Conquest
Starting age
Dark Age
Ending age
Imperial Age
RankedLock teamsTeams togetherTeam positionsShared explorationLock speedFull tech treeHidden civsTurbo modeCheats
Victory
Defeat
🇹🇼 Saxons · Taiwan
1043
+14
🇹🇷 Cumans · Türkiye
1006
-14
ozbulutalparslan
11:52 Feudal Age
11:57 Loom
12:25 Double-Bit Axe
15:39 Gold Mining
19:21 Castle Age
EN_Tsai
1:31 Loom
7:30 Loom
10:49 Feudal Age
14:48 Castle Age
13:26 Double-Bit Axe
16:13 Fletching
21:04 Bow Saw
Connection lost

Rejoining the realm…

Still unreachable

The connection could not be restored.

Session expired

The server has moved on; the page needs a fresh start.